AoeStats
← Kokamane18

African Clearing

505807504Analyzed
2v2 RM · 21d ago on Sep 11, 2026· 22m 3s· 4 players
Game mode
Random Map
Map size
Medium (4 player)
Population
200
Speed
Normal
Resources
Standard
Victory
Conquest
Starting age
Dark Age
Ending age
Imperial Age
RankedLock teamsTeams togetherTeam positionsShared explorationLock speedFull tech treeHidden civsTurbo modeCheats
Victory
Defeat
🇧🇷 Mongols · Brazil
895
+13
🇺🇸 Persians · United States
775
+18
🇺🇸 Magyars · United States
942
-21
🇺🇸 Spanish · United States
694
-10
TROGDOR
17:21 Feudal Age
17:07 Loom
Kokamane18
tk421
6:05 Loom
Zap!
6:01 Loom
13:18 Feudal Age
14:10 Double-Bit Axe
15:47 Horse Collar
18:01 Bloodlines
18:59 Forging
20:21 Scale Barding Armor
Connection lost

Rejoining the realm…

Still unreachable

The connection could not be restored.

Session expired

The server has moved on; the page needs a fresh start.